 Dungeon Crawl Stone Soup version 0.12-a0-969-g4767ef7 (console) character file.

265 vogonpoet the Chopper (level 4, -2/38 HPs)
             Began as a Minotaur Gladiator on Nov 6, 2012.
             Was an Initiate of Okawaru.
             Slain by sirvaulterscoff's ghost (5 damage)
             ... on Level 4 of the Dungeon.
             The game lasted 00:08:28 (2063 turns).

vogonpoet the Chopper (Minotaur Gladiator)          Turns: 2063, Time: 00:08:28

HP  -2/38        AC  7     Str 21      XL: 4   Next: 92%
MP   1/1         EV 11     Int  5      God: Okawaru [......]
Gold 133         SH  0     Dex 10      Spells:  0 memorised,  3 levels left

Res.Fire  : . . .   See Invis. : .   J - -1,+0 orc war axe
Res.Cold  : . . .   Warding    : .   b - +0 leather armour
Life Prot.: . . .   Conserve   : .   (no shield)
Res.Poison: .       Res.Corr.  : .   c - +0 cap
Res.Elec. : .       Clarity    : .   A - +0 elf cloak
Sust.Abil.: . .     Spirit.Shd : .   (no gloves)
Res.Mut.  : .       Stasis     : +   (no boots)
Res.Rott. : .       Ctrl.Telep.: .   o - amulet of stasis
Saprovore : . . .   Levitation : .   N - cursed ring of teleportation Ctrl.Flight: .
                                     D - +3 ring of protection

@: liquid flames, glowing, slightly resistant to hostile enchantments, very
unstealthy
A: retaliatory headbutt, horns 2
a: Renounce Religion, Evoke Teleportation


You were on level 4 of the Dungeon.
You worshipped Okawaru.
Okawaru was noncommittal.
You were hungry.

You visited 1 branch of the dungeon, and saw 4 of its levels.

You collected 113 gold pieces.

Inventory:

Hand weapons
 a - a +0,+0 hand axe {=f}
 e - a +0,+1 dagger of protection
 l - a +4,+1 elven falchion
 m - a +0,+0 dwarven hand axe
 n - a +1,+1 dwarven dagger of pain
 B - a +0,+0 hand axe
 I - a -1,+0 orcish trident
 J - a -1,+0 orcish war axe (weapon)
 K - a +0,+0 dagger
 L - a +0 orcish blowgun
Missiles
 d - 3 throwing nets
 g - 4 darts of dispersal
 h - 26 bolts
 j - 7 poisoned bolts
 t - 2 darts (quivered)
 E - 14 sling bullets
 M - 11 poisoned needles
Armour
 b - a +0 leather armour (worn)
 c - a +0 cap (worn)
 A - a +0 elven cloak (worn)
Comestibles
 f - 5 bread rations
 x - 2 meat rations
 C - a choko
Scrolls
 i - 2 scrolls of noise
 p - a scroll of identify
 q - a scroll of magic mapping {unknown}
 r - 2 scrolls of curse armour {unknown}
 v - a scroll of teleportation {unknown}
Jewellery
 o - an amulet of stasis (around neck)
 s - an uncursed amulet of resist mutation
 u - an uncursed amulet of resist mutation
 y - an uncursed amulet of resist mutation
 D - a +3 ring of protection (left hand)
 N - a cursed ring of teleportation (right hand)
Potions
 k - 3 potions of heal wounds
 w - a potion of curing
 z - a potion of confusion {unknown}
 G - a potion of gain dexterity {unknown}
 H - a potion of speed {unknown}


   Skills:
 - Level 2.4 Fighting
 + Level 6.8 Axes
 - Level 2.0 Throwing
 - Level 3.2 Dodging


You had 3 spell levels left.
You didn't know any spells.

Dungeon Overview and Level Annotations

Branches:
Dungeon (4/27)
 Temple: D:4-7

Altars:
Fedhas
Okawaru

Annotations
D:3 KiloByte's ghost, weakling HEAs
D:4 sirvaulterscoff's ghost, average DsFE


Innate Abilities, Weirdness & Mutations

You reflexively headbutt those who attack you in melee.
You have a pair of horns on your head.


Message History

Sirvaulterscoff's ghost (average Demonspawn Fire Elementalist) comes into view.
Sirvaulterscoff's ghost turns its malevolent gaze towards you.
Sirvaulterscoff's ghost hits you but does no damage.
You slash sirvaulterscoff's ghost!
Sirvaulterscoff's ghost is moderately damaged.
Sirvaulterscoff's ghost barely misses you.
You barely miss sirvaulterscoff's ghost.
Sirvaulterscoff's ghost is moderately damaged.
Sirvaulterscoff's ghost keens inconsolably.
Sirvaulterscoff's ghost sprays you with burning goo.
The sticky flame hits you!
You are covered in liquid flames!
* * * LOW HITPOINT WARNING * * *
You barely miss sirvaulterscoff's ghost.
Sirvaulterscoff's ghost is moderately damaged.
You are covered in liquid flames!
Your scroll labeled GRUOG PAAPP catches fire!
* * * LOW HITPOINT WARNING * * *
Sirvaulterscoff's ghost hits you.
You die...

......##........#
#.....########'##
#.....###...#
#....###..###
#.#####.## ...#.#
...#.#
...##########.##
......[......@..#
...##########p.#
#....# #.##...#
#.###[. #.# ..#
.##


You could see sirvaulterscoff's ghost.

Vanquished Creatures
  An orc wizard (D:3)
  3 adders
  A worm (D:2)
  6 orcs (D:3)
  3 ball pythons
  12 bats
  7 giant cockroaches
  3 goblins
  7 hobgoblins
  5 jackals
  7 kobolds
  A quokka (D:3)
  3 giant newts
  5 rats
  A toadstool (D:1)
65 creatures vanquished.

Vanquished Creatures (others)
  A kobold (D:2)
1 creature vanquished.

Grand Total: 66 creatures vanquished

Notes
Turn   | Place    | Note
--------------------------------------------------------------
     0 | D:1      | vogonpoet, the Minotaur Gladiator, began the quest for the Orb.
     0 | D:1      | Reached XP level 1. HP: 18/18 MP: 0/0
    34 | D:1      | Reached skill level 4 in Axes
   134 | D:1      | Found an iron altar of Okawaru.
   145 | D:1      | Reached XP level 2. HP: 13/25 MP: 0/0
   148 | D:1      | Became a worshipper of Warmaster Okawaru
   459 | D:1      | Reached skill level 5 in Axes
   804 | D:2      | Reached XP level 3. HP: 22/30 MP: 1/1
  1028 | D:2      | Found a blossoming altar of Fedhas.
  1180 | D:2      | Reached XP level 4. HP: 35/38 MP: 1/1
  1335 | D:2      | Reached skill level 6 in Axes
  1403 | D:3      | Noticed a giant goldfish zombie
  1403 | D:3      | Noticed KiloByte's ghost (weakling HEAs)
  2060 | D:4      | Noticed sirvaulterscoff's ghost (average DsFE)
  2063 | D:4      | Slain by sirvaulterscoff's ghost
